 Dungeon Crawl Stone Soup version 0.22.1-1-ga44c0e5 (webtiles) character file.

1983 Fang the Cleaver (level 9, -4/56 HPs)
             Began as a Gargoyle Berserker on Oct 8, 2018.
             Was an Elder of Trog.
             Slain by an orc warrior
             ... wielding a +0 glaive
              (16 damage)
             ... on level 7 of the Dungeon.
             The game lasted 00:05:54 (6863 turns).

Fang the Cleaver (Gargoyle Berserker)               Turns: 6863, Time: 00:05:54

Health: -4/56      AC:  8    Str: 24    XL:     9   Next: 20%
Magic:  18/18      EV: 14    Int:  8    God:    Trog [****..]
Gold:   295        SH:  0    Dex:  9    Spells: 8/8 levels left

rFire    . . .     SeeInvis .   a - +0 hand axe
rCold    . . .     Gourm    .   (no shield)
rNeg     + . .     Faith    .   b - +0 animal skin
rPois    ∞         Spirit   .   (no helmet)
rElec    +         Reflect  .   (no cloak)
rCorr    .         Harm     .   (no gloves)
MR       .....                  (no boots)
Stlth    ++........             (no amulet)
HPRegen  0.18/turn              h - ring of magical power
MPRegen  0.16/turn              (no ring)

@: berserk cooldown, slowed, very slow
A: negative energy resistance 1, electricity resistance, unbreathing,
petrification resistance, rot immunity, AC +6
a: Berserk, Trog's Hand, Brothers in Arms, Renounce Religion


You were on level 7 of the Dungeon.
You worshipped Trog.
Trog was greatly pleased with you.
You were near starving.

You visited 2 branches of the dungeon, and saw 8 of its levels.

You collected 295 gold pieces.

Inventory:

Hand Weapons
 a - a +0 hand axe (weapon)
Armour
 b - a +0 animal skin (worn)
Jewellery
 h - a ring of magical power (left hand)
 w - an uncursed ring of wizardry {unknown}
 y - an uncursed ring of protection from fire {unknown}
Wands
 u - a wand of paralysis (6)
 v - a wand of digging (9)
Scrolls
 d - 8 scrolls of identify {unknown}
 j - 3 scrolls of remove curse {unknown}
 l - a scroll of enchant armour {unknown}
 m - 4 scrolls of teleportation {unknown}
 o - a scroll of amnesia {unknown}
 q - a scroll of fear {unknown}
 s - 2 scrolls of fog {unknown}
 t - a scroll of immolation {unknown}
Potions
 e - a potion of resistance {unknown}
 f - 5 potions of curing {unknown}
 g - a potion of agility {unknown}
 i - 2 potions of heal wounds {unknown}
 k - a potion of cancellation {unknown}
 n - a potion of haste {unknown}
 p - 3 potions of invisibility {unknown}
 r - a potion of flight {unknown}
 x - a potion of brilliance {unknown}
Comestibles
 c - 11 rations


   Skills:
 + Level 6.5 Fighting
 + Level 8.2 Axes
 + Level 2.3 Armour
 + Level 4.9 Dodging
 + Level 2.9 Stealth


You had 8 spell levels left.
You didn't know any spells.
Your spell library was empty.

Dungeon Overview and Level Annotations

Branches:
Dungeon (7/15)             Temple (1/1) D:5

Altars:
Elyvilon
Fedhas
Makhleb
Ru
Uskayaw
Wu Jian


Innate Abilities, Weirdness & Mutations

You are resistant to torment.
Your stone body is resilient. (AC +6)
You are immune to poison.
You resist negative energy. (rN+)
You are resistant to electric shocks. (rElec)
You can survive without breathing.
You are immune to petrification.
You are immune to rotting.


Message History

Unknown command.
You are too injured to fight recklessly!
Unknown command.
You are too injured to fight recklessly!
Unknown command.
You are too injured to fight recklessly!
The orc warrior barely misses you.
You feel a strong urge to attack something.
The centaur shoots an arrow.
The arrow misses you. The orc hits you but does no damage.
You see here a bullfrog corpse.
Unknown command.
You are no longer berserk.
You are exhausted.
You feel yourself slow down. The orc warrior hits you with a glaive!
* * * LOW HITPOINT WARNING * * *
A centaur skeleton comes into view.
The centaur shoots an arrow.
The arrow misses you.
The centaur shoots an arrow.
The arrow hits you but does no damage. The orc warrior hits you with a glaive!
You die...

# # # #. #### #
#.##########...## #
####...............## #
#...#...............# #
#...#.......(.......# #
#...#[....(†........## #
#...#......(.o........ #
#...#.......†o@.......
#...##................
#.....#.....#.........
###...#.####..#...#.....
...##.#.# #.####..c....
...##.#.# ..# ##.....
........# #.## .....
...#.#..# #Z ....
...#.....#


You could see an orc warrior, a centaur and an orc.

Vanquished Creatures
  Pikel (D:6)
  A hungry ghost (D:4)
  Menkaure (D:4)
  An orc warrior (D:6)
  A sky beast (D:7)
  An ogre (D:3)
  Blork the orc (D:4)
  A bullfrog (D:7)
  A gnoll sergeant (D:7)
  2 crimson imps
  3 orc priests
  Crazy Yiuf (D:4)
  2 bullfrog skeletons (D:4)
  2 iguanas
  2 worker ants
  6 orc wizards
  2 hound skeletons (D:4)
  A worker ant zombie (D:7)
  5 gnolls (D:7)
  6 adders
  2 shadow imps
  4 oozes
  5 worms
  An adder skeleton (D:2)
  5 dart slugs
  A leopard gecko (D:4)
  18 orcs
  3 giant cockroaches
  8 goblins
  8 hobgoblins
  17 jackals
  2 quokkas
  5 bats
  4 frilled lizards
  10 kobolds
  13 rats
147 creatures vanquished.

Vanquished Creatures (others)
  A centaur skeleton (D:7)
  An orc (D:6)
2 creatures vanquished.

Grand Total: 149 creatures vanquished

Notes
Turn   | Place    | Note
-------+----------+-------------------------------------------
     0 | D:1      | Fang the Gargoyle Berserker began the quest for the Orb.
     0 | D:1      | Reached XP level 1. HP: 14/14 MP: 1/1
   138 | D:1      | Reached XP level 2. HP: 15/19 MP: 2/2
   179 | D:1      | Reached skill level 3 in Axes
   442 | D:1      | Reached ** piety under Trog
   459 | D:1      | Reached XP level 3. HP: 24/24 MP: 2/3
   998 | D:2      | Reached XP level 4. HP: 19/29 MP: 4/4
  1186 | D:2      | Found a blossoming altar of Fedhas.
  1275 | D:2      | Noticed a dagger
  1280 | D:2      | Noticed a dagger
  1283 | D:2      | Found a hide-covered altar of Uskayaw.
  1288 | D:2      | Reached *** piety under Trog
  1531 | D:2      | Reached skill level 4 in Axes
  1678 | D:2      | Reached XP level 5. HP: 30/33 MP: 5/5
  2156 | D:3      | Noticed an ogre
  2161 | D:3      | Killed an ogre
  2161 | D:3      | Reached XP level 6. HP: 39/39 MP: 6/6
  2846 | D:4      | Reached skill level 5 in Axes
  2846 | D:4      | Reached skill level 1 in Stealth
  3162 | D:4      | Found a runed door.
  3207 | D:4      | Reached **** piety under Trog
  3228 | D:4      | Reached XP level 7. HP: 30/44 MP: 7/7
  3421 | D:4      | Noticed a hungry ghost
  3434 | D:4      | Killed a hungry ghost
  3434 | D:4      | Reached skill level 5 in Fighting
  3655 | D:4      | Reached skill level 6 in Axes
  3678 | D:4      | Noticed Blork the orc
  3679 | D:4      | Noticed Menkaure
  3686 | D:4      | Killed Menkaure
  3688 | D:4      | Killed Blork the orc
  4127 | D:4      | Noticed Crazy Yiuf
  4132 | D:4      | Killed Crazy Yiuf
  4132 | D:4      | Reached XP level 8. HP: 50/50 MP: 8/8
  4224 | D:5      | Entered Level 5 of the Dungeon
  5349 | D:5      | Found a staircase to the Ecumenical Temple.
  5359 | Temple   | Entered the Ecumenical Temple
  5664 | D:6      | Reached skill level 7 in Axes
  5960 | D:6      | Noticed Pikel
  5970 | D:6      | Killed Pikel
  5970 | D:6      | Reached XP level 9. HP: 56/56 MP: 9/9
  6578 | D:7      | Reached skill level 8 in Axes
  6863 | D:7      | Slain by an orc warrior

Skill      XL: |  1  2  3  4  5  6  7  8  9 |
---------------+----------------------------+-----
Axes           | 3 4 5 6 7 8 |  8.2
Dodging        | 2 3 4 |  4.9
Fighting       | 4 5 6 |  6.5
Stealth        | 1 2 |  2.9
Armour         | |  2.3

Action                   |  1- 3 |  4- 6 |  7- 9 || total
-------------------------+-------+-------+-------++-------
Melee: Hand axe          |   119 |   190 |   237 ||   546
Invok: Berserk           |       |     4 |     7 ||    11
 Stab: Sleeping          |       |     1 |     1 ||     2
  Eat: Chunk             |       |    11 |    15 ||    26
       Ration            |       |       |     1 ||     1
Armor: Animal skin       |    48 |    70 |    76 ||   194
Dodge: Dodged            |    94 |   120 |   141 ||   355
